 Dungeon Crawl Stone Soup version 0.30-a0-802-gb92711bcdf (webtiles) character file.

Game seed: 4886310658743055110

417 anonymouscript the Ruffian (level 6, -2/85 (88) HPs)
             Began as a Troll Fighter on Feb 24, 2023.
             Slain by a wight
             ... wielding a +3 long sword of freezing
              (6 damage)
             ... on level 4 of the Dungeon.
             The game lasted 00:06:37 (2515 turns).

anonymouscript the Ruffian (Troll Fighter)          Turns: 2515, Time: 00:06:37

HP:   -2/85 (88)    AC:  5    Str: 25    XL:     6   Next: 61%
MP:   5/5           EV:  9    Int:  4    God:
Gold: 117           SH:  8    Dex: 11    Spells: 5/5 levels left

rFire   . . .      SeeInvis .      - Unarmed
rCold   . . .      Faith    .    b - +0 kite shield
rNeg    . . .      Spirit   .    a - +0 robe
rPois   .          Reflect  .    (helmet restricted)
rElec   .          Harm     .    k - +0 cloak
rCorr   .          Rampage  .    (gloves unavailable)
Will    .....                    (boots unavailable) Stlth
                                 (no amulet)
HPRegen 1.14/turn                (no ring)
MPRegen 0.09/turn                (no ring)

@: mighty, berserking, lightly drained, very quick
A: large, unfitting armour, claws 3, regeneration 1, shaggy fur 1, tough skin 1
a: no special abilities


You were on level 4 of the Dungeon.
You visited 1 branch of the dungeon, and saw 4 of its levels.

You collected 175 gold pieces.
You spent 58 gold pieces at shops.

Inventory:

Hand Weapons
 g - a +0 war axe of holy wrath
 p - a +0 war axe
Missiles
 m - 3 poisoned darts
 s - 7 stones (quivered)
Armour
 a - a +0 robe (worn)
 b - a +0 kite shield (worn)
 k - a +0 cloak (worn)
Jewellery
 o - a +4 ring of protection
 t - a ring of flight
Scrolls
 h - a scroll of identify {unknown}
 j - 2 scrolls of teleportation {unknown}
 n - 2 scrolls of acquirement {unknown}
 q - a scroll of poison {unknown}
Potions
 d - a potion of brilliance {unknown}
 e - a potion of magic {unknown}
 f - a potion of curing {unknown}
 i - a potion of degeneration {unknown}
 r - a potion of attraction {unknown}


   Skills:
 + Level 2.9 Fighting
 + Level 1.2 Throwing
 + Level 3.9 Dodging
 + Level 0.6 Stealth
 + Level 3.8 Shields
 + Level 4.3 Unarmed Combat


You had 5 spell levels left.
You didn't know any spells.
Your spell library was empty.

Dungeon Overview and Level Annotations

Branches:
Dungeon (4/15)
 Temple: D:4-7

Altars:
Elyvilon

Shops:
D:2 [


Innate Abilities, Weirdness & Mutations

You are too large for most types of armour.
You have claws for hands.
Your natural rate of healing is unusually fast.
You are covered in fur. (AC +1)
You have tough skin. (AC +1)


Message History

The wight hits you with a +0 short sword.
You closely miss the wight.
The wight hits you with a +0 short sword.
The wight hits you with a +3 long sword of freezing.
The wight freezes you.
You claw the wight!
The wight is heavily damaged.
The wight barely misses you. The wight closely misses you.
You scratch the wight.
The wight is almost destroyed.
You block the wight's attack.
The wight hits you with a +3 long sword of freezing.
You feel drained. The wight freezes you.
You closely miss the wight.
The wight is almost destroyed.
The wight hits you with a +0 short sword.
You feel drained. You block the wight's attack.
You are too injured to fight recklessly!
You claw the wight!
You destroy the wight!
The wight hits you with a +3 long sword of freezing.
You feel drained. The wight freezes you.
* * * LOW HITPOINT WARNING * * *
You claw the wight!
The wight is almost destroyed.
The wight hits you with a +3 long sword of freezing.
* * * LOW HITPOINT WARNING * * *
The wight freezes you.
* * * LOW HITPOINT WARNING * * *
You closely miss the wight.
The wight is almost destroyed.
The wight hits you with a +3 long sword of freezing.
* * * LOW HITPOINT WARNING * * *
The wight freezes you.
* * * LOW HITPOINT WARNING * * *
It was a potion of berserk rage.
A red film seems to cover your vision as you go berserk!
You feel yourself moving faster!
You feel mighty!
The wight hits you with a +3 long sword of freezing.
You die...

##..##........#.
.............. #.
#........#
##..#........###
...#.#......... ###
#..##.########
..###............
z..####)#.#.##.#######
......)z@##.##.#
.....######.##.# #.#
#.##.# ###.##.#######
#............#
#.#.#..#####.#
#......# #.#.#.##
#....##


You could see a wight.

Vanquished Creatures
  4 wights (D:4)
  A howler monkey (D:4)
  An iguana (D:4)
  8 adders
  A worm (D:2)
  A dart slug (D:1)
  2 orcs (D:3)
  7 ball pythons
  4 bats
  11 endoplasms
  3 giant cockroaches
  7 goblins
  10 hobgoblins
  5 kobolds
  2 quokkas
  3 frilled lizards
  5 rats
75 creatures vanquished.

Notes
Turn   | Place    | Note
-------+----------+-------------------------------------------
     0 | D:1      | anonymouscript the Troll Fighter began the quest for the
                  | Orb.
     0 | D:1      | Reached XP level 1. HP: 22/22 MP: 0/0
    99 | D:1      | Reached XP level 2. HP: 29/29 MP: 1/1
   591 | D:2      | Reached XP level 3. HP: 24/36 MP: 2/2
   604 | D:2      | Found a faded altar of an unknown god.
   686 | D:2      | Reached XP level 4. HP: 44/44 MP: 3/3
   786 | D:2      | Found Roipowk's Armour Shoppe.
   809 | D:2      | Bought a +0 cloak for 58 gold pieces
  1897 | D:3      | Reached skill level 3 in Unarmed Combat
  2193 | D:3      | Found a white marble altar of Elyvilon.
  2213 | D:3      | Reached XP level 5. HP: 52/52 MP: 4/4
  2500 | D:4      | Reached skill level 1 in Throwing
  2500 | D:4      | Reached XP level 6. HP: 40/59 MP: 5/5
  2504 | D:4      | Reached skill level 4 in Unarmed Combat
  2514 | D:4      | HP: 2/57 [wight/+3 long sword of freezing (3)]
  2515 | D:4      | Slain by a wight

Illustrated notes

Levels and vault maps discovered:
D:1:      dpeg_arrival_connections, layout_rooms
D:2:      layout_basic, serial_aquarium, aquarium_bridge_square
          [aquarium_subvault_wall, aquarium_subvault_bridge,
          aquarium_subvault_bridge, aquarium_subvault_bridge],
          aquarium_bridge_square [aquarium_subvault_wall,
          aquarium_subvault_bridge, aquarium_subvault_wall,
          aquarium_subvault_balcony], aquarium_window_2, aquarium_window_fake,
          aquarium_window_2, aquarium_window_corner, aquarium_view_2d,
          aquarium_view_2c, aquarium_balcony_1b, serial_shops,
          nicolae_shop_hallway_plus, nicolae_ecumenical_snake_handling
D:3:      minmay_door_path, layout_basic, mainiacjoe_overflow_boulevard,
          minmay_misc_feat_square
D:4:      layout_loops_ring, zin_treasury, kennysheep_mini_moat

Skill      XL: |  1  2  3  4  5  6 |
---------------+-------------------+-----
Shields        | 3 |  3.8
Dodging        | 3 |  3.9
Unarmed Combat | 3 4 |  4.3
Throwing       | 1 |  1.2
Fighting       | |  2.9
Stealth        | |  0.6

Action                     |  1- 3 |  4- 6 || total
---------------------------+-------+-------++-------
  Melee: Unarmed           |    95 |   119 ||   214
  Throw: Stone             |     4 |    30 ||    34
         Dart              |       |     6 ||     6
    Use: Potion            |       |     2 ||     2
   Stab: Sleeping          |       |     2 ||     2
 Armour: Robe              |    45 |    30 ||    75
  Dodge: Dodged            |    49 |    36 ||    85
  Block: Kite shield       |    47 |    48 ||    95

Table legend: (Time is in decaauts)
 A = Elapsed time spent in this place.
 B = Non-inter-level travel time spent in this place.
 C = Inter-level travel time spent in this place.
 D = Time resting spent in this place.
 E = Time spent auto-exploring this place.
 F = Levels seen in this place.
 G = Mean time per level.
                   A        B        C        D        E       F      G
               +--------+--------+--------+--------+--------+-----+--------+
         Total |   2538 |   2470 |     68 |      0 |   1816 |   4 |  634.5 |
       Dungeon |   2538 |   2470 |     68 |      0 |   1816 |   4 |  634.5 |
               +--------+--------+--------+--------+--------+-----+--------+

Top non-repeatable levels by time:
     D:3: 977 daAuts
     D:2: 811 daAuts
     D:1: 557 daAuts
     D:4: 192 daAuts
